 Dungeon Crawl Stone Soup version 0.23.0 (webtiles) character file.

Game seed: 18149341899061482602

37 doot the Insei (level 3, -1/26 HPs)
             Began as a Merfolk Transmuter on Feb 9, 2019.
             Slain by a hobgoblin
             ... wielding a cursed -1 club
              (2 damage)
             ... on level 1 of the Dungeon.
             The game lasted 00:01:38 (949 turns).

doot the Insei (Merfolk Transmuter)                  Turns: 949, Time: 00:01:39

Health: -1/26      AC:  3    Str: 10    XL:     3   Next: 39%
Magic:  2/6        EV: 13    Int: 13    God:
Gold:   25         SH:  0    Dex: 14    Spells: 3/6 levels left

rFire    . . .     SeeInvis .     - Unarmed
rCold    . . .     Gourm    .   (no shield)
rNeg     . . .     Faith    .   b - +0 robe
rPois    .         Spirit   .   (no helmet)
rElec    .         Reflect  .   f - +0 cloak
rCorr    .         Harm     .   (no gloves)
MR       .....                  (no boots)
Stlth    +.........             (no amulet)
HPRegen  0.08/turn              (no ring)
MPRegen  0.10/turn              (no ring)

@: appendage (expiring)
A: change form in water, swift swim, stealthy swim, horns 2
a: End Transformation


You were on level 1 of the Dungeon.
You were hungry.
You had grown temporary horns.
You visited 1 branch of the dungeon, and saw 1 of its levels.

You collected 25 gold pieces.

Inventory:

Missiles
 a - 54 arrows
Armour
 b - a +0 robe (worn)
 f - a +0 cloak (worn)
Scrolls
 c - a scroll of teleportation {unknown}
 e - a scroll of identify {unknown}
 i - a scroll of immolation {unknown}
Potions
 g - a potion of heal wounds {unknown}
 h - a potion of cancellation {unknown}
 j - a potion of might {unknown}
Comestibles
 d - 2 rations


   Skills:
 + Level 1.1 Fighting
 + Level 2.8 Dodging
 + Level 4.4 Unarmed Combat
 + Level 2.2 Spellcasting
 + Level 2.9 Transmutations


You had 3 spell levels left.
You knew the following spells:

 Your Spells              Type           Power        Failure   Level  Hunger
a - Beastly Appendage     Tmut           #.....       8%          1    ##.....
b - Sticks to Snakes      Tmut           #.......     11%         2    ###....

Your spell library contained the following spells:

 Spells                   Type           Power        Failure   Level  Hunger
 Spider Form              Tmut/Pois      #.........   38%         3    ####...
 Ice Form                 Ice/Tmut       #.......     80%         4    #####..
 Blade Hands              Tmut           #.........   90%         5    ######.


Dungeon Overview and Level Annotations

Branches:
Dungeon (1/15)

Altars:


Innate Abilities, Weirdness & Mutations

You revert to your normal form in water You are very nimble and swift while swimming.
You are very stealthy in the water. (Stealth+)
You have a pair of horns on your head.


Message History

Your transformation is almost over.
The gnoll hits you with a +0 spear.
* * * LOW HITPOINT WARNING * * *
You hit the gnoll.
The gnoll is almost dead.
The gnoll barely misses you.
You closely miss the gnoll.
The gnoll is almost dead.
The gnoll barely misses you.
You hit the gnoll but do no damage. You headbutt the gnoll.
You kill the gnoll!
You barely miss the hobgoblin.
The hobgoblin hits you with a cursed -1 club.
* * * LOW HITPOINT WARNING * * *
You closely miss the hobgoblin. You hit the hobgoblin.
You headbutt the hobgoblin, but do no damage.
The hobgoblin is heavily wounded.
The hobgoblin hits you with a cursed -1 club.
You die...

#.# #.# #.# #.#
#.# #.# #.#
###########g###
#..........@..#
#.#########..##
#..........#
#.######...#
#...# .# #...#
#.##.#
#.####...#
#.##.#
#........#
#.##.#
#######..#


You could see a hobgoblin.

Vanquished Creatures
  A gnoll (D:1)
  A dart slug (D:1)
  A goblin (D:1)
  3 hobgoblins (D:1)
  6 jackals (D:1)
  A bat (D:1)
  2 kobolds (D:1)
  3 rats (D:1)
18 creatures vanquished.

Vanquished Creatures (collateral kills)
  A gnoll (D:1)
  A dart slug (D:1)
2 creatures vanquished.

Grand Total: 20 creatures vanquished

Notes
Turn   | Place    | Note
-------+----------+-------------------------------------------
     0 | D:1      | doot the Merfolk Transmuter began the quest for the Orb.
     0 | D:1      | Reached XP level 1. HP: 15/15 MP: 3/3
   119 | D:1      | Reached XP level 2. HP: 13/21 MP: 3/5
   127 | D:1      | Learned a level 2 spell: Sticks to Snakes
   375 | D:1      | Reached skill level 4 in Unarmed Combat
   801 | D:1      | Reached XP level 3. HP: 26/26 MP: 4/6
   947 | D:1      | HP: 1/26 [hobgoblin/cursed -1 club (2)]
   949 | D:1      | Slain by a hobgoblin

Skill      XL: |  1  2 |
---------------+-------+-----
Unarmed Combat | 4 |  4.4
Fighting       | |  1.1
Dodging        | |  2.8
Spellcasting   | |  2.2
Transmutations | |  2.9

Action                   || total
-------------------------++-------
Melee: Unarmed           ||    59
       Headbutt          ||    10
       Punch             ||     1
 Cast: Beastly Appendage ||     8
       Sticks to Snakes  ||     5
Armor: Robe              ||    18
Dodge: Dodged            ||    29
